 Dungeon Crawl Stone Soup version 0.30-a0-1103-g25895a7845 (webtiles) character file.

Game seed: 4999130291615388501

2 BlueFish the Grasshopper (level 1, 0/14 HPs)
             Began as an Octopode Warper on Apr 18, 2023.
             Killed from afar by a dart slug (3 damage)
             ... with a slug dart
             ... on level 1 of the Dungeon.
             The game lasted 00:00:16 (41 turns).

BlueFish the Grasshopper (Octopode Warper)            Turns: 41, Time: 00:00:17

Health: 0/14       AC:  1    Str: 10    XL:     1   Next: 30%
Magic:  3/3        EV: 13    Int: 15    God:
Gold:   0          SH:  0    Dex: 11    Spells: 4/4 levels left

rFire   . . .      SeeInvis .    a - +0 mace
rCold   . . .      Faith    .    (no shield)
rNeg    . . .      Spirit   .    (helmet restricted)
rPois   .          Reflect  .    (no amulet)
rElec   .          Rampage  .    (no ring)
rCorr   .                        (no ring)
Will    .....                    (no ring)
Stlth   ++                       (no ring)
HPRegen 0.22/turn                (no ring)
MPRegen 0.08/turn                (no ring)
                                 (no ring)
                                 (no ring)

@: no status effects
A: almost no armour, amphibious, 8 rings, camouflage 1, gelatinous body 1,
(nimble swimmer 1), tentacles
a: no special abilities


You were on level 1 of the Dungeon.
You visited 1 branch of the dungeon, and saw 1 of its levels.

Inventory:

Hand Weapons
 a - a +0 mace (weapon)
 b - a +0 sling
Missiles
 c - 7 boomerangs of dispersal (quivered)
Scrolls
 d - a scroll of blinking
 e - a scroll of enchant weapon {unknown}
Potions
 f - a potion of magic {unknown}


   Skills:
 + Level 2.0 Fighting
 + Level 2.0 Maces & Flails
 + Level 0.0 Ranged Weapons
 + Level 1.0 Throwing
 + Level 2.3 Dodging
 * Level 0.2 Stealth
 + Level 2.0 Spellcasting
 + Level 3.0 Translocations


You had 4 spell levels left.
You didn't know any spells.
Your spell library contained the following spells:

 Spells                   Type           Power      Damage    Failure   Level
 Blink                    Tloc           20%        N/A       10%         2
 Lesser Beckoning         Tloc           20%        N/A       10%         2
 Teleport Other           Tloc           10%        N/A       19%         3
 Vhi's Electric Charge    Tloc/Air       12%        N/A       34%         3
 Manifold Assault         Tloc           10%        N/A       54%         4


Dungeon Overview and Level Annotations

Branches:
Dungeon (1/15)

Altars:


Innate Abilities, Weirdness & Mutations

You cannot wear most types of armour.
You are amphibious.
You can wear up to eight rings at the same time.
Your skin changes colour to match your surroundings (Stealth+).
Your rubbery body absorbs attacks. (AC +1, EV +1)
((You are camouflaged when in or above water. (Stealth+)))
You have tentacles for arms and can constrict up to eight enemies at once.


Message History

You see here a +0 sling.
d - a +0 sling Adjust (i)tems, (s)pells, or (a)bilities?
d - a +0 sling Adjust to which letter? (? for menu, Esc to quit)
b - a +0 sling;
d - a scroll of blinking
b - a +0 sling (weapon)
e - a scroll labelled BEL UGOKKOURGH
There is a stone staircase leading down here.
f - a fuming white potion A rat comes into view.
You shoot a sling bullet. The sling bullet hits the rat.
You kill the rat!
A quokka comes into view.
A quokka is nearby!
You shoot a sling bullet.
The sling bullet barely misses the quokka.
The quokka barely misses you. The quokka closely misses you.
A dart slug comes into view.
a - a +0 mace (weapon)
The quokka bites you.
You barely miss the quokka. Your grab misses the quokka.
The dart slug briefly extends its eye-stalks.
The dart slug launches a dart at you. The slug dart misses you.
The quokka bites you.
You hit the quokka. Your grab misses the quokka.
Your squeeze misses the quokka.
The quokka is almost dead.
The quokka bites you. The dart slug launches a dart at you.
The slug dart hits you.
* * * LOW HITPOINT WARNING * * *
The quokka barely misses you.
You barely miss the quokka. You grab the quokka.
The quokka is almost dead.
You constrict the quokka.
You kill the quokka!
The dart slug launches a dart at you. The slug dart hits you.
You die...

## ## †.. ... ##.# #..
... #.# ..#
#..####..##..
#....w.....#
##############.@.......
##......................
...#############†....##.
#.## ...##..# #.####
#### .### ...
.....##..... .. #.
................
..............#.
..............# ##


You could see a dart slug.

Vanquished Creatures
  A quokka (D:1)
  A rat (D:1)
2 creatures vanquished.

Notes
Turn   | Place    | Note
-------+----------+-------------------------------------------
     0 | D:1      | BlueFish the Octopode Warper began the quest for the Orb.
     0 | D:1      | Reached XP level 1. HP: 14/14 MP: 3/3
    41 | D:1      | Killed from afar by a dart slug

Illustrated notes

Levels and vault maps discovered:
D:1:      dpeg_arrival_pits, layout_rooms

Action                     || total
---------------------------++-------
  Melee: Mace              ||     3
         Constrict         ||     1
   Fire: Sling             ||     2
  Dodge: Dodged            ||     4

Table legend: (Time is in decaauts)
 A = Elapsed time spent in this place.
 B = Non-inter-level travel time spent in this place.
 C = Inter-level travel time spent in this place.
 D = Time resting spent in this place.
 E = Time spent auto-exploring this place.
 F = Levels seen in this place.
 G = Mean time per level.
                   A        B        C        D        E       F      G
               +--------+--------+--------+--------+--------+-----+--------+
         Total |     41 |     41 |      0 |      0 |     25 |   1 |   41.0 |
       Dungeon |     41 |     41 |      0 |      0 |     25 |   1 |   41.0 |
               +--------+--------+--------+--------+--------+-----+--------+

Top non-repeatable levels by time:
     D:1: 41 daAuts
